 Dungeon Crawl Stone Soup version 0.27.1-33-g824d729ab1 (webtiles) character file.

Game seed: 14713183754053224124

3636 ppttti the Fighter (level 9, 0/74 HPs)
             Began as a Demonspawn Abyssal Knight on Nov 28, 2021.
             Was an Elder of Lugonu.
             Succumbed to a killer bee's poison
             ... on level 8 of the Dungeon on Nov 29, 2021.
             The game lasted 00:41:40 (14997 turns).

ppttti the Fighter (Demonspawn Abyssal Knight)     Turns: 14997, Time: 00:41:41

Health: 0/74       AC: 22    Str: 17    XL:     9   Next: 87%
Magic:  14/14      EV:  9    Int:  9    God:    Lugonu [****..]
Gold:   413        SH:  4    Dex: 14    Spells: 8/8 levels left

rFire    + . .     SeeInvis .   T - +1 hand axe (freeze)
rCold    + . .     Faith    .   (no shield)
rNeg     . . .     Spirit   .   R - +6 chain mail of the Heron {rElec Will++ Str+2 Int-4}
rPois    +         Reflect  .   e - +2 helmet
rElec    +         Harm     .   p - +0 cloak
rCorr    +         Rampage  .   f - +0 pair of gloves
Will     ++...     Clarity  +   j - +0 pair of boots
Stlth    ..........             O - amulet of the acrobat
HPRegen  0.22/turn              (no ring)
MPRegen  0.14/turn              (no ring)

@: lethally poisoned (0 -> -10), resistant
A: large bone plates 1, demonic guardian 1, foul stench 2, clarity
a: Renounce Religion, Depart the Abyss, Bend Space, Banish, Corrupt


You were on level 8 of the Dungeon.
You worshipped Lugonu.
Lugonu was greatly pleased with you.
You visited 1 branch of the dungeon, and saw 10 of its levels.
You visited the Abyss 1 time.

You collected 413 gold pieces.

Inventory:

Hand Weapons
 a - a +1 hand axe
 b - a +3 great sword of freezing
 q - a +0 hunting sling
 z - a +3 hand axe
 A - a +0 hunting sling
 G - a +5 flail of protection
 H - a +0 war axe
 P - a +0 hand axe of freezing
 T - a +1 hand axe of freezing (weapon)
Missiles
 g - 95 sling bullets
 h - 313 stones
 K - 4 atropa-tipped darts
Armour
 e - a +2 helmet (worn)
 f - a +0 pair of gloves (worn)
 j - a +0 pair of boots (worn)
 p - a +0 cloak (worn)
 s - a +3 leather armour of willpower
 y - the +2 leather armour "Kuinget" {Rampage +Blink rF+++}
   (You found it on level 4 of the Dungeon)

   rF:        It renders you almost immune to fire.
   +Blink:    It lets you blink.
   Rampage:   It bestows one free step when moving towards enemies.
 J - a +0 chain mail
 L - a +0 scale mail
 N - a +0 pair of boots
 R - the +6 chain mail of the Heron (worn) {rElec Will++ Str+2 Int-4}
   (You found it on level 8 of the Dungeon)

   Str:       It affects your strength (+2).
   Int:       It affects your intelligence (-4).
   rElec:     It insulates you from electricity.
   Will:      It greatly increases your willpower.
Jewellery
 O - an amulet of the acrobat (around neck)
 S - an amulet of reflection
Wands
 n - a wand of flame (33)
 B - a wand of acid (8)
 C - a wand of charming (2)
Scrolls
 c - 2 scrolls of amnesia
 i - 2 scrolls of noise {unknown}
 l - 2 scrolls of enchant weapon {unknown}
 o - 3 scrolls of identify {unknown}
 u - a scroll of magic mapping {unknown}
 v - 2 scrolls of teleportation {unknown}
 w - a scroll of enchant armour {unknown}
 x - a scroll of fear {unknown}
 I - 2 scrolls of fog {unknown}
 M - a scroll of acquirement {unknown}
 Q - a scroll of vulnerability {unknown}
Potions
 d - a potion of might {unknown}
 k - 5 potions of lignification {unknown}
 m - a potion of curing {unknown}
 r - a potion of cancellation {unknown}
 t - a potion of attraction {unknown}
 D - a potion of degeneration {unknown}
 E - a potion of haste {unknown}
 F - a potion of resistance


   Skills:
 * Level 8.2 Fighting
 * Level 7.1 Axes
 + Level 5.1 Armour
 + Level 4.9 Dodging
 + Level 7.5 Invocations


You had 8 spell levels left.
You didn't know any spells.
Your spell library contained the following spells:

 Spells                   Type           Power      Damage    Failure   Level
 Summon Small Mammal      Summ           0%         N/A       99%         1
 Searing Ray              Conj           0%         3d3       100%        2
 Call Canine Familiar     Summ           0%         N/A       100%        3
 Summon Guardian Golem    Hex/Summ       0%         N/A       100%        3
 Irradiate                Conj/Tmut      0%         3d13      100%        5


Dungeon Overview and Level Annotations

Branches:
Dungeon (10/15)            Temple (0/1) D:7
   Lair: D:8-11         Orc: D:9-12

Altars:
Fedhas
Okawaru


Innate Abilities, Weirdness & Mutations

You are partially covered in large bone plates. (SH +4)
A weak demonic guardian rushes to your aid.
You sometimes emit foul miasma when damaged in melee.
You possess an exceptional clarity of mind.


Message History

You hit the killer bee but do no damage.
The killer bee barely misses you.
The killer bee stings you but does no damage.
You hit the killer bee. You freeze the killer bee.
The killer bee is moderately wounded.
The killer bee barely misses you.
The killer bee stings you but does no damage.
You closely miss the killer bee.
The killer bee is moderately wounded.
The killer bee barely misses you.
The killer bee stings you but does no damage.
You completely miss the killer bee.
The killer bee is moderately wounded.
The killer bee stings you but does no damage. x2
You hit the killer bee. You freeze the killer bee.
The killer bee is heavily wounded.
You block the killer bee's attack. The killer bee barely misses you.
You hit the killer bee. You freeze the killer bee.
The killer bee is heavily wounded.
The killer bee stings you but does no damage. x2
You slash the killer bee! You freeze the killer bee.
You kill the killer bee!
Lugonu accepts your kill.
The killer bee stings you but does no damage.
You miss the killer bee. The killer bee closely misses you.
The killer bee barely misses you.
You barely miss the killer bee. The killer bee stings you.
* * * LOW HITPOINT WARNING * * *
A demonic guardian appears!
You block the killer bee's attack.
You hit the killer bee but do no damage.
The killer bee stings you but does no damage.
The killer bee stings you.
* * * LOW HITPOINT WARNING * * *
You are lethally poisoned!
The killer bee poisons you!
Your ufetubus completely misses the killer bee.
Your ufetubus misses the killer bee.
It was a potion of resistance.
You feel protected.
You die...

............'......#.#.#
#...........##.#.###.#.#
#......#######.#.# #.#.#
#.###'########.#.# #.#.#
#..##.......##.#.# #.#.#
##.##[......##.#.###.#.#
#.##).)....##.#.....#.#
##.##.########.#######.#
....).........5y@......#
##..#[#....###.#########
##.#.#....# #.#
#...###### #.# ##..# #.#
#..########.#
#.>.........#
#############


You could see a killer bee (ally target) and a friendly ufetubus (summoned).

Vanquished Creatures
  Sigmund (D:3)
  A steam dragon (D:8)
  Menkaure (D:6)
  Edmund (D:6)
  2 orc warriors (D:9)
  A necrophage (D:7)
  2 ogres (D:6)
  A phantom (D:4)
  2 kobold brigands
  3 bullfrogs (D:8)
  A wyvern zombie (D:7)
  2 scorpions
  A wyvern skeleton (D:6)
  A water moccasin skeleton (D:7)
  A jelly (D:6)
  11 killer bees
  An electric eel (D:9)
  9 wights
  A bullfrog skeleton (D:6)
  3 hounds (D:7)
  6 orc priests
  Terence (D:2)
  4 iguanas
  9 orc wizards
  A killer bee zombie (D:8)
  A hound zombie (D:5)
  2 howler monkey zombies
  8 adders
  4 gnolls (D:7)
  A shadow imp (D:5)
  3 white imps
  4 ufetubi
  6 dart slugs
  24 orcs
  2 ball pythons
  3 bats
  11 endoplasms
  6 goblins
  6 hobgoblins
  4 jackals (D:3)
  3 quokkas
  5 frilled lizards
  15 kobolds
  A rat (D:1)
176 creatures vanquished.

Vanquished Creatures (others)
  2 orcs (D:8)
2 creatures vanquished.

Grand Total: 178 creatures vanquished

Notes
Turn   | Place    | Note
-------+----------+-------------------------------------------
     0 | Abyss:1  | ppttti the Demonspawn Abyssal Knight began the quest for
                  | the Orb.
     0 | Abyss:1  | Reached XP level 1. HP: 18/18 MP: 2/2
     9 | Abyss:1  | Noticed a cacodemon
     9 | Abyss:1  | Noticed a sixfirhy
     9 | Abyss:1  | Gained mutation: You possess an exceptional clarity of
                  | mind. [a cacodemon]
    10 | D:1      | Escaped the Abyss
   281 | D:1      | Reached * piety under Lugonu
   282 | D:1      | Reached skill level 1 in Dodging
   291 | D:1      | Gained mutation: You may rarely emit foul miasma when
                  | damaged in melee. [demonic ancestry]
   291 | D:1      | Reached XP level 2. HP: 7/24 MP: 3/3
  1087 | D:2      | Gained mutation: You sometimes emit foul miasma when
                  | damaged in melee. [demonic ancestry]
  1087 | D:2      | Reached XP level 3. HP: 21/29 MP: 5/5
  1632 | D:2      | Noticed Terence
  1638 | D:2      | Killed Terence
  1639 | D:2      | Reached XP level 4. HP: 26/37 MP: 6/6
  1750 | D:2      | Found a faded altar of an unknown god.
  2357 | D:3      | Reached skill level 4 in Fighting
  2631 | D:3      | Gained mutation: You are partially covered in large bone
                  | plates. (SH +4) [demonic ancestry]
  2631 | D:3      | Reached XP level 5. HP: 42/42 MP: 7/7
  2730 | D:3      | Reached ** piety under Lugonu
  3102 | D:3      | Noticed Sigmund
  3127 | D:3      | HP: 1/42 [something/puff of flame (9)]
  3130 | D:3      | Killed Sigmund
  3131 | D:3      | Reached XP level 6. HP: 1/49 MP: 8/8
  4115 | D:4      | Identified the +2 leather armour "Kuinget" {Rampage +Blink
                  | rF+++}
  4707 | D:5      | Entered Level 5 of the Dungeon
  4775 | D:5      | Noticed a troll
  5071 | D:4      | Reached skill level 5 in Fighting
  5159 | D:4      | Reached XP level 7. HP: 54/56 MP: 10/10
  5800 | D:6      | Got the Collected Works on Confrontation
  6809 | D:6      | Noticed Menkaure
  6813 | D:6      | Found a blossoming altar of Fedhas.
  6814 | D:6      | Killed Menkaure
  6925 | D:6      | Noticed Edmund
  6937 | D:6      | Killed Edmund
  6938 | D:6      | Reached skill level 5 in Invocations
  7374 | D:4      | Reached XP level 8. HP: 17/64 MP: 11/11
  7930 | D:6      | HP: 1/57 [wight (13)]
  8389 | D:6      | Reached skill level 6 in Fighting
  8877 | D:7      | Reached skill level 5 in Axes
 10051 | D:7      | Reached *** piety under Lugonu
 10133 | D:7      | Found a staircase to the Ecumenical Temple.
 10841 | D:7      | Reached skill level 7 in Fighting
 10841 | D:7      | Gained mutation: A weak demonic guardian rushes to your
                  | aid. [demonic ancestry]
 10841 | D:7      | Reached XP level 9. HP: 45/72 MP: 13/13
 12077 | D:8      | Found an iron altar of Okawaru.
 13064 | D:8      | Identified the +6 chain mail of the Heron {rElec Will++
                  | Str+2 Int-4}
 13228 | D:9      | Reached **** piety under Lugonu
 14538 | D:10     | Entered Level 10 of the Dungeon
 14653 | D:9      | Reached skill level 8 in Fighting
 14653 | D:9      | Reached skill level 5 in Armour
 14996 | D:8      | HP: 3/74 [killer bee (5)]
 14997 | D:8      | Succumbed to a killer bee's poison

Illustrated notes

Levels and vault maps discovered:
D:1:      lemuel_arrival_hallway, layout_basic, nrook_mini_backslash
D:2:      layout_basic, chequers_ecumenical_altar_island, uniq_terence
D:3:      layout_basic, uniq_sigmund
D:4:      layout_gridville
D:5:      layout_layer_cave
D:6:      layout_basic, mainiacjoe_overflow_six_doors_small, uniq_menkaure,
          uniq_edmund
D:7:      layout_loops_ring, minmay_temple_entry_drinking_statues
D:8:      layout_basic, okawaru_trees_1
D:9:      layout_long_grid, erik_orc_2, uniq_maggie
D:10:     layout_layer_cave, chequers_temple_overflow_minitemple,
          dpeg_lair_monsters, gammafunk_ghost_berserking_beasts

Skill      XL: |  1  2  3  4  5  6  7  8  9 |
---------------+----------------------------+-----
Dodging        | 1 2 3 4 |  4.9
Axes           | 2 3 4 5 7 |  7.1
Armour         | 2 3 4 5 |  5.1
Invocations    | 3 4 5 6 7 |  7.5
Fighting       | 4 5 7 8 |  8.2

Action                   |  1- 3 |  4- 6 |  7- 9 || total
-------------------------+-------+-------+-------++-------
Melee: Hand axe          |    75 |   202 |   627 ||   904
Invok: Depart the Abyss  |     1 |       |       ||     1
       Banish            |       |       |     1 ||     1
Evoke: Wand              |       |       |     8 ||     8
  Use: Potion            |       |     2 |     4 ||     6
       Scroll            |       |       |     1 ||     1
 Stab: Sleeping          |       |     1 |       ||     1
Armor: Leather armour    |    22 |    23 |   159 ||   204
       Ring mail         |     7 |    82 |       ||    89
       Chain mail        |       |       |   108 ||   108
Dodge: Dodged            |    39 |   112 |   429 ||   580
Block: Other             |       |    23 |   129 ||   152
